Map: Prion Terraces

Players

propagare

  • Race: Protoss Protoss
  • League: Gold

ALow - Winner!

  • Race: Terran Terran
  • League: Master

VOD

Have the link to the VOD?

Description

Time

  • Played on: March 6, 2016, 2:50 p.m.
  • Length: 6:21
Show
View Real Time Build Order
Export as new Build Order

propagare Protoss 

Build Orders:  

Get SALT Encoding   

  12  0:01  Probe (Chrono Boost)  
  13  0:11  Probe (Chrono Boost)  
  14  0:18  Pylon  
  14  0:22  Probe (Chrono Boost)  
  15  0:36  Probe (Chrono Boost)  
  15  0:37  Gateway  
  16  0:44  Assimilator  
  16  0:47  Probe (Chrono Boost)  
  17  0:54  Assimilator  
  17  0:58  Probe (Chrono Boost)  
  18  1:12  Probe (Chrono Boost)  
  19  1:24  Cybernetics Core  
  19  1:26  Probe (Chrono Boost)  
  19  1:32  Pylon  
  20  1:37  Probe (Chrono Boost)  
  21  1:47  Probe (Chrono Boost), Gateway  
  22  2:04  Robotics Facility  
  24  2:09  Mothership Core (Chrono Boost)  
  24  2:17  Pylon  
  24  2:26  Warp Gate (Chrono Boost)  
  24  2:27  Probe  
  25  2:30  Stalker  
  27  2:43  Gateway  
  27  2:52  Immortal  
  31  3:00  Stalker  
  33  3:08  Pylon  
  33  3:15  Stalker  
  35  3:33  Stalker  
  35  3:34  Stalker  
  39  3:46  Immortal  
  43  3:56  Pylon  
  43  4:25  Immortal  
  43  4:30  Stalker  
  49  4:33  Stalker  
  51  4:42  Pylon  
  51  4:58  Stalker x2  
  55  5:00  Stalker  
  57  5:30  Pylon  
  28  6:04  Stalker x3  
Show
View Real Time Build Order
Export as new Build Order

ALow Terran - Winner!

Build Orders: Liberator Opening 

Get SALT Encoding   

  12  0:02  SCV  
  13  0:14  SCV  
  14  0:25  Supply Depot  
  14  0:26  SCV  
  15  0:47  Barracks, SCV  
  16  0:53  Refinery  
  16  0:55  Refinery  
  16  0:59  SCV  
  17  1:06  Supply Depot  
  17  1:11  SCV  
  18  1:24  SCV  
  19  1:36  Orbital Command  
  19  1:38  Reaper  
  20  1:53  Factory  
  20  2:03  SCV  
  21  2:15  SCV  
  22  2:27  SCV  
  22  2:29  Barracks  
  23  2:38  Factory Tech Lab  
  23  2:40  Starport  
  23  2:41  SCV  
  23  2:53  SCV  
  23  2:54  Supply Depot  
  23  2:56  Bunker  
  23  2:57  Barracks Tech Lab  
  24  2:59  Siege Tank  
  24  3:05  SCV  
  28  3:17  SCV  
  29  3:26  Stimpack, Barracks Reactor, Starport Tech Lab  
  29  3:30  Liberator, Widow Mine  
  29  3:33  Marine  
  32  3:39  Supply Depot  
  35  3:53  Supply Depot  
  35  3:55  Marine  
  36  4:03  Marine x2  
  36  4:07  Widow Mine  
  40  4:18  Engineering Bay, Command Center  
  40  4:19  Liberator  
  40  4:20  Marine  
  40  4:24  Marine x2  
  46  4:44  Marine  
  46  4:45  Marine x2, Widow Mine  
  51  5:02  Marine x2  
  51  5:03  Supply Depot  
  51  5:06  Missile Turret  
  53  5:11  Marine  
  54  5:25  Siege Tank  
  57  5:28  Marine x2  
  57  5:35  Orbital Command  
  51  6:01  Marine x3  
Tags
 
Add a new tag
Caveats
  • Supply blocks, unpowered buildings, or Contaminate may cause inaccurate times.
  • Supply counts are checked every 10 seconds.